Map: Tours du crépuscule

Players

Nodorf

  • Race: Zerg Zerg
  • League: Silver

Trøb

  • Race: Zerg Zerg
  • League: Platinum

fahirn

  • Race: Terran Terran
  • League: Gold

JeanBond

  • Race: Terran Terran
  • League: Diamond

VOD

Have the link to the VOD?

Description

Time

  • Played on: April 11, 2016, 4:23 p.m.
  • Length: 10:52
Show
View Real Time Build Order
Export as new Build Order

Nodorf Zerg 

Build Orders: Hatch First 

Get SALT Encoding   

  12  0:02  Drone  
  13  0:12  Overlord  
  13  0:21  Drone  
  14  0:24  Extractor  
  14  0:25  Drone  
  15  0:31  Drone  
  15  0:34  Drone  
  17  0:56  Hatchery  
  16  1:00  Drone  
  16  1:03  Extractor  
  16  1:14  Drone  
  17  1:19  Spawning Pool  
  17  1:22  Drone  
  17  1:28  Drone  
  17  1:31  Drone  
  19  1:44  Overlord  
  19  2:05  Metabolic Boost  
  19  2:06  Queen  
  21  2:08  Queen  
  21  2:12  Zergling x2  
  25  2:15  Zergling x2  
  25  2:22  Drone x2  
  27  2:26  Drone  
  28  2:54  Drone x6  
  34  3:12  Hatchery  
  33  3:27  Drone x3  
  33  3:28  Overlord  
  33  3:31  Overlord  
  33  3:33  Overlord  
  36  3:38  Overlord  
  36  3:50  Drone x2  
  36  3:55  Roach Warren  
  37  4:04  Extractor  
  37  4:05  Overlord  
  37  4:07  Drone x9  
  45  4:32  Spine Crawler  
  45  4:34  Spine Crawler, Roach  
  45  4:35  Roach x7  
  59  4:42  Queen  
  61  4:54  Extractor  
  61  4:55  Queen  
  58  5:15  Roach  
  58  5:16  Overlord x5  
  58  5:32  Extractor  
  59  5:37  Lair  
  59  5:38  Queen  
  59  5:48  Spore Crawler  
  58  5:50  Spore Crawler  
  57  6:02  Drone x3  
  58  6:17  Overlord x2  
  59  6:18  Roach  
  59  6:19  Roach x8  
  74  6:54  Drone x3  
  77  6:55  Drone x3  
  77  6:56  Queen  
  77  6:59  Drone x2  
  84  7:04  Roach x2  
  84  7:05  Roach x3  
  84  7:06  Ravager x5  
  99  7:10  Glial Reconstitution  
  99  7:16  Overseer  
  99  7:24  Drone x2  
  99  7:28  Roach x4  
  99  7:29  Roach  
  111  7:41  Overlord x2  
  111  7:42  Overlord  
  111  7:48  Roach  
  113  8:01  Roach x7  
  127  8:06  Ravager x3  
  125  8:22  Roach  
  125  8:23  Roach  
  129  8:29  Overlord x4  
  102  8:53  Roach  
  102  8:54  Roach x5  
  98  9:16  Spore Crawler  
  97  9:20  Spore Crawler  
  97  9:21  Spore Crawler  
  97  9:22  Drone x7  
  80  9:26  Drone  
  80  9:27  Drone  
  70  9:37  Roach x3  
  67  9:46  Roach x4  
  75  9:56  Zergling x10  
  75  9:57  Zergling x2  
  81  10:02  Zergling x8  
  85  10:12  Zergling x12  
  91  10:25  Zergling x16  
Show
View Real Time Build Order
Export as new Build Order

Trøb Zerg 

Build Orders:  

Get SALT Encoding   

  12  0:00  SCV  
  13  0:13  SCV  
  14  0:18  Supply Depot  
  14  0:25  SCV  
  15  0:39  SCV  
  15  0:41  Barracks  
  16  0:45  Refinery  
  16  0:51  SCV  
  17  1:03  SCV  
  18  1:17  SCV  
  19  1:28  Reaper  
  19  1:29  Orbital Command  
  20  1:44  Command Center  
  20  1:58  SCV  
  21  2:01  Supply Depot  
  21  2:07  Factory  
  21  2:10  Marine  
  21  2:15  Refinery  
  22  2:17  SCV  
  23  2:33  Barracks Reactor  
  23  2:35  SCV  
  24  2:49  SCV  
  25  2:53  Starport  
  25  2:58  Orbital Command  
  25  3:09  SCV  
  26  3:16  Hellion  
  26  3:17  Marine, Hellion  
  31  3:21  SCV  
  31  3:26  SCV  
  33  3:27  Armory  
  32  3:37  Marine  
  32  3:38  Hellion x2  
  37  3:41  Medivac  
  39  3:56  SCV  
  39  3:59  Marine  
  39  4:00  SCV  
  39  4:02  Hellion  
  44  4:03  Hellion  
  44  4:08  Liberator  
  46  4:14  SCV  
  50  4:32  Command Center  
  50  4:39  Factory Tech Lab  
  50  4:42  SCV x2  
  50  4:43  Marine x2  
  54  4:49  Supply Depot  
  54  5:06  SCV  
  53  5:08  SCV  
  53  5:11  Siege Tank  
  50  5:15  Marine  
  50  5:16  Marine  
  50  5:18  SCV  
  50  5:20  Medivac  
  50  5:21  SCV  
  47  5:28  Barracks  
  47  5:30  SCV  
  47  5:31  Barracks  
  47  5:33  Marine x2  
  47  5:35  SCV  
  51  5:39  Refinery  
  51  5:42  SCV, Refinery  
  52  5:48  Orbital Command  
  52  5:49  Siege Tank  
  55  5:51  Marine  
  55  5:53  Medivac  
  58  6:01  Engineering Bay  
  58  6:02  Marine  
  58  6:03  Engineering Bay  
  58  6:04  SCV x2  
  61  6:09  Marine  
  63  6:19  Barracks Tech Lab  
  63  6:20  Marine, Barracks Tech Lab  
  63  6:29  Terran Infantry Weapons Level 1  
  63  6:30  Terran Infantry Armor Level 1  
  63  6:31  Siege Tank  
  63  6:32  Medivac  
  68  6:33  SCV x2  
  68  6:38  Orbital Command  
  70  6:48  Marine  
  70  6:49  Marine x2  
  70  6:50  Marauder  
  70  6:52  Stimpack  
  70  6:54  Combat Shields  
  75  7:06  Marine x2  
  77  7:13  Supply Depot, Marauder x2  
  81  7:20  SCV  
  81  7:21  Barracks, SCV x2  
  84  7:28  Barracks  
  84  7:32  SCV  
  84  7:35  SCV  
  84  7:36  Marine x2  
  87  7:37  Marine, Marauder  
  87  7:42  Medivac  
  93  7:52  Supply Depot, Siege Tank  
  93  7:53  SCV x2  
  93  7:54  Marine x2  
  100  8:03  Supply Depot  
  100  8:12  Marine  
  101  8:13  Liberator  
  101  8:14  Marine x2, Marauder x2  
  101  8:19  Supply Depot  
  107  8:23  Marine  
  108  8:29  Siege Tank  
  108  8:30  Marine  
  108  8:32  Marine x2  
  117  8:37  Marauder  
  117  8:38  Marauder  
  117  8:41  Marine  
  109  8:48  Marine  
  105  8:49  Marine  
  105  8:50  Marine  
  93  8:58  Marine, Marauder  
  93  8:59  Marauder  
  95  9:05  Marine  
  95  9:06  Siege Tank  
  95  9:07  Marine x2  
  99  9:13  Medivac  
  99  9:16  Marine  
  99  9:19  Marauder  
  99  9:21  Marauder  
  99  9:23  Marine  
  98  9:25  Marine x2  
  98  9:26  Liberator  
  99  9:35  SCV x3  
  103  9:41  Marine, Marauder  
  103  9:42  Marauder  
  103  9:43  Marine  
  113  9:47  Barracks Reactor  
  113  9:48  Barracks Tech Lab  
  111  9:54  Siege Tank  
  111  9:59  Marine  
  115  10:01  Marine  
  115  10:02  Marauder  
  115  10:03  Marauder  
  120  10:17  Marine  
  121  10:24  Marauder  
  121  10:25  Marauder  
  125  10:33  Marine  
Show
View Real Time Build Order
Export as new Build Order

fahirn Terran 

Build Orders:  

Get SALT Encoding   

Show
View Real Time Build Order
Export as new Build Order

JeanBond Terran 

Build Orders:  

Get SALT Encoding   

Tags
 
Add a new tag
Caveats
  • Supply blocks, unpowered buildings, or Contaminate may cause inaccurate times.
  • Supply counts are checked every 10 seconds.